 Dungeon Sprint DCSS version 0.28-a0-258-g8de209e91f (webtiles) character file.

Game seed: 1579113735796362811

62 MikeHunt the Shield-Bearer (level 4, -10/38 HPs)
             Began as a Formicid Fighter on Aug 26, 2021.
             Mangled by a water elemental (16 damage)
             ... in the Dungeon (Sprint III: "The Ten Rune Challenge").
             The game lasted 00:01:14 (554 turns).

MikeHunt the Shield-Bearer (Formicid Fighter)        Turns: 554, Time: 00:01:15

Health: -10/38     AC:  6    Str: 20    XL:     4   Next: 28%
Magic:  4/4        EV:  9    Int:  8    God:
Gold:   10         SH:  9    Dex: 11    Spells: 3/3 levels left

rFire   . . .      SeeInvis +   a - +0 flail
rCold   . . .      Faith    .   c - +0 kite shield
rNeg    . . .      Spirit   .   b - +0 scale mail
rPois   .          Reflect  .   (helmet unavailable)
rElec   .          Harm     .   (no cloak)
rCorr   .          Rampage  .   (no gloves)
Will    .....                   (no boots)
Stlth   ..........              (no amulet)
HPRegen 0.12/turn               (no ring)
MPRegen 0.09/turn               (no ring)

@: mighty
A: permanent stasis, dig shafts and tunnels, antennae 3, four strong arms
a: Dig


You were in the Dungeon.
You visited 1 branch You collected 10 gold pieces.

Inventory:

Hand Weapons
 a - a +0 flail (weapon)
Armour
 b - a +0 scale mail (worn)
 c - a +0 kite shield (worn)
Scrolls
 i - a scroll of torment
 l - a scroll of holy word {unknown}
 m - a scroll of identify {unknown}
Potions
 f - 2 potions of mutation {unknown}
 g - 2 potions of magic
 h - a potion of haste {unknown}
 j - a potion of lignification {unknown}
 k - a potion of flight {unknown}
 n - 2 potions of invisibility {unknown}
 o - a potion of cancellation {unknown}


   Skills:
 + Level 4.3 Fighting
 + Level 5.3 Maces & Flails
 - Level 3.2 Armour
 + Level 7.0 Shields


You had 3 spell levels left.
You didn't know any spells.
Your spell library was empty.

Dungeon Overview and Level Annotations

Branches:
Dungeon (1/1)

Altars:


Innate Abilities, Weirdness & Mutations

You cannot be hasted, slowed, berserked, paralysed or teleported.
You can dig through walls and to a lower floor.
You have a pair of large antennae on your head. (SInv)
Your four strong arms can wield two-handed weapons with a shield.


Message History

You sock the water elemental!
The water elemental is heavily damaged.
You block the water elemental's attack.
You barely miss the water elemental.
The water elemental is heavily damaged.
The water elemental hits you!
* * * LOW HITPOINT WARNING * * *
The water elemental engulfs you in water!
You slip free of the water engulfing you.
You gasp with relief as air once again reaches your lungs.
You feel better. You block the water elemental's attack.
You closely miss the water elemental.
The water elemental is heavily damaged.
The water elemental hits you!
* * * LOW HITPOINT WARNING * * *
The water elemental engulfs you in water!
You slip free of the water engulfing you.
You gasp with relief as air once again reaches your lungs.
You barely miss the water elemental.
The water elemental is heavily damaged.
You block the water elemental's attack. The water elemental closely misses you.
You hit the water elemental.
The water elemental is severely damaged.
The water elemental hits you.
The water elemental engulfs you in water!
You slip free of the water engulfing you.
You gasp with relief as air once again reaches your lungs.
You barely miss the water elemental.
The water elemental is heavily damaged.
You block the water elemental's attack.
You sock the water elemental!
The water elemental is almost destroyed.
The water elemental completely misses you.
You barely miss the water elemental.
The water elemental is almost destroyed.
The water elemental closely misses you.
You barely miss the water elemental.
The water elemental is almost destroyed.
The water elemental hits you!
You die...

▓#'####.....♣♣ ♣♣.#{
▓.....#....≈.♣♣♣..###+#+#
▓.....#...≈≈..♣...#......
▓.....#..≈≈≈≈♣.♣♣.'.⌠....
▓####)#..≈≈≈≈≈≈♣♣.#
▓(....#.≈≈≈≈≈≈....# {
▓.....#.≈≈≈≈≈.....#
▓.....#.≈≈≈.......#
▓'#####..@E.......# {{
▓.....÷...........#
▓▓▓▓▓▓▓▓▓▓▓▓▓▓▓▓▓▓▓ { { {
{ { { {{ { {


You could see a water elemental.

Vanquished Creatures
  Jessica (D)
  A human (D)
  A wolf (D)
  2 endoplasms (D)
  A rat (D)
6 creatures vanquished.

Vanquished Creatures (others)
  A hydra (D)
  2 plants (D)
3 creatures vanquished.

Grand Total: 9 creatures vanquished

Notes
Turn   | Place    | Note
-------+----------+-------------------------------------------
     0 | D        | MikeHunt the Formicid Fighter began the quest for the Orb.
     0 | D        | Reached XP level 1. HP: 18/18 MP: 1/1
     6 | D        | Reached skill level 4 in Shields
    80 | D        | Noticed Jessica
    89 | D        | Killed Jessica
    90 | D        | Reached skill level 6 in Shields
    90 | D        | Reached XP level 2. HP: 8/24 MP: 2/2
    90 | D        | Reached XP level 3. HP: 10/29 MP: 3/3
   198 | D        | Killed a six-headed hydra
   320 | D        | Reached skill level 5 in Maces & Flails
   328 | D        | Reached skill level 7 in Shields
   328 | D        | Reached XP level 4. HP: 26/38 MP: 4/4
   533 | D        | Noticed a water elemental
   554 | D        | Mangled by a water elemental

Illustrated notes

Levels and vault maps discovered:
D:        dungeon_sprint_mu [sprint_mu_entry_forest, sprint_mu_temple_rooms,
          sprint_mu_d1_spiders, sprint_mu_d2_genie, sprint_mu_d3_branching,
          sprint_mu_orc_legion, sprint_mu_elf_gauntlet, sprint_mu_hive_nellie,
          sprint_mu_lair_fedhas, sprint_mu_vaults_butterflies,
          sprint_mu_slime_circle, sprint_mu_swamp_cave, sprint_mu_snake_twists,
          sprint_mu_blade_basic, sprint_mu_crypt_fortress,
          sprint_mu_tomb_spiral, sprint_mu_vestibule_basic,
          sprint_mu_gehenna_hellfire, sprint_mu_dis_giant,
          sprint_mu_tartarus_statrot, sprint_mu_cocytus_islands, sprint_mu_zot1]

Skill      XL: |  1  2  3 |
---------------+----------+-----
Shields        | 6 7 |  7.0
Maces & Flails | 4 5 |  5.3
Fighting       | 4 |  4.3
Armour         | |  3.2

Action                   |  1- 3 |  4- 6 || total
-------------------------+-------+-------++-------
Melee: Flail             |    23 |    12 ||    35
  Use: Potion            |     1 |     2 ||     3
       Scroll            |       |     1 ||     1
 Stab: Distracted        |     1 |       ||     1
Armor: Scale mail        |     5 |     1 ||     6
Dodge: Dodged            |     9 |     4 ||    13
Block: Kite shield       |     6 |     5 ||    11

Table legend: (Time is in decaauts)
 A = Elapsed time spent in this place.
 B = Non-inter-level travel time spent in this place.
 C = Inter-level travel time spent in this place.
 D = Time resting spent in this place.
 E = Time spent auto-exploring this place.
 F = Levels seen in this place.
 G = Mean time per level.
                   A        B        C        D        E       F      G
               +--------+--------+--------+--------+--------+-----+--------+
         Total |    566 |    566 |      0 |    441 |      0 |   1 |  566.0 |
       Dungeon |    566 |    566 |      0 |    441 |      0 |   1 |  566.0 |
               +--------+--------+--------+--------+--------+-----+--------+

Top non-repeatable levels by time:
       D: 566 daAuts
